 Dungeon Crawl Stone Soup version 0.31.0-9-g3a7656b989 (webtiles) character file.

Game seed: 16641126312664857625

125 qw the Shooter (level 4, -7/23 HPs)
             Began as a Spriggan Hunter on Feb 2, 2024.
             Mangled by Sigmund
             ... wielding a +1 scythe of protection
              (10 damage)
             ... on level 3 of the Dungeon.
             The game lasted 00:00:07 (1878 turns).

qw the Shooter (Spriggan Hunter)                    Turns: 1878, Time: 00:00:07

Health: -7/23      AC:  2    Str:  7    XL:     4   Next: 82%
Magic:  5/5        EV: 20    Int: 10    God:
Gold:   141        SH:  0    Dex: 20    Spells: 3/3 levels left

rFire   . . .        a - +0 shortbow
rCold   . . .        (shield currently unavailable)
rNeg    . . .        c - +0 robe
rPois   .            (helmet restricted)
rElec   .            (no cloak)
rCorr   .            (gloves unavailable)
SInv    +            (boots unavailable)
Will    .....        (no amulet)
Stlth   ++           (no ring)
HPRegen 0.23/turn    (no ring)
MPRegen 0.09/turn

%: no passive effects
@: very quick
A: very small, no large weapons, unfitting armour, see invisible, speed 3
a: no special abilities


You were on level 3 of the Dungeon.
You visited 1 branch of the dungeon, and saw 3 of its levels.

You collected 141 gold pieces.


Innate Abilities, Weirdness & Mutations

You are very small and have problems with some larger weapons.
You are too small for most types of armour.
You have supernaturally acute eyesight. (SInv)
You cover ground extremely quickly. (Speed+++)


   Skills:
 + Level 1.9 Fighting
 - Level 5.1 Ranged Weapons
 - Level 5.0 Dodging
 - Level 1.5 Stealth


You had 3 spell levels left.
You didn't know any spells.
Your spell library was empty.

Inventory:

Hand Weapons
 a - a +0 shortbow (weapon)
Armour
 c - a +0 robe (worn)
Jewellery
 g - a ring of positive energy
Potions
 b - a potion of enlightenment
 d - a potion of lignification {unknown}
 e - a potion of invisibility {unknown}
 f - a potion of mutation {unknown}
 h - 2 potions of curing {unknown}

Dungeon Overview and Level Annotations

Branches:
Dungeon (3/15)

Altars:
Nemelex Xobeh

Annotations:
D:3 Sigmund


Message History

You shoot an arrow. The arrow hits Sigmund.
Sigmund is lightly wounded.
You shoot an arrow. The arrow barely misses Sigmund.
Sigmund screams, "Don't try to resist!"
You shoot an arrow.
The arrow hits Sigmund but does no damage.
Sigmund is lightly wounded.
You shoot an arrow. The arrow hits Sigmund.
Sigmund is heavily wounded.
You shoot an arrow.
The arrow hits Sigmund but does no damage.
Sigmund is heavily wounded.
Sigmund mumbles some strange words.
Sigmund flickers and vanishes for a moment.
You shoot an arrow. The arrow barely misses Sigmund.
Sigmund hits you from afar with a +1 scythe of protection!
You shoot an arrow. The arrow hits Sigmund.
Sigmund is heavily wounded.
Sigmund misses you.
You shoot an arrow. The arrow barely misses Sigmund.
Sigmund hits you from afar with a +1 scythe of protection!
You shoot an arrow.
The arrow hits Sigmund but does no damage.
Sigmund is heavily wounded.
You shoot an arrow. The arrow hits Sigmund.
Sigmund is heavily wounded.
Sigmund closely misses you.
You shoot an arrow. The arrow closely misses Sigmund.
Sigmund says, "Look into my eyes."
Sigmund misses you.
You shoot an arrow. The arrow closely misses Sigmund.
Sigmund closely misses you.
You shoot an arrow.
The arrow hits Sigmund but does no damage.
Sigmund is heavily wounded.
You shoot an arrow. The arrow hits Sigmund.
Sigmund is severely wounded.
Sigmund hits you from afar with a +1 scythe of protection!
You die...
Sigmund begins carving another notch in his scythe.

#.. ..## ##.###... ...
##........ ..# #....#
#.# #.. #....# #.# #.#
... .....###.###.###.#
..#.............@#
).#..............#
.##..###.###.###@#
)##..#.#...#.#.#.#######
.%...#.#.###.#.#..(....#
..#..............###.#.#
.......................#
#.#..#.#.###.###..##.###
#.#..#.#...#...#.###.#
.....###.###.###.# #.#
#.#..............###.#


You could see Sigmund (invisible).

Vanquished Creatures
  4 gnolls
  4 adders
  A ribbon worm (D:2)
  An orc (D:3)
  5 ball pythons
  3 endoplasms
  A giant cockroach (D:1)
  4 goblins
  5 hobgoblins
  5 jackals (D:2)
  2 kobolds (D:1)
  2 quokkas (D:1)
  2 bats
  5 frilled lizards
  4 rats
48 creatures vanquished.

Notes
Turn   | Place    | Note
-------+----------+-------------------------------------------
     0 | D:1      | qw the Spriggan Hunter began the quest for the Orb.
     0 | D:1      | Reached XP level 1. HP: 10/10 MP: 2/2
     0 | D:1      | 0 ||| qw: Version: 0.3-a-155-g5e7d8dd
     0 | D:1      | 0 ||| qw: Game counter: 738
     0 | D:1      | 0 ||| qw: Melee chars always use a shield: true
     0 | D:1      | 0 ||| qw: God list: Okawaru
     0 | D:1      | 0 ||| qw: Allow faded altars: false
     0 | D:1      | 0 ||| qw: Do Orc after clearing Dungeon:15 true
     0 | D:1      | 0 ||| qw: Do second Lair branch before Depths: true
     0 | D:1      | 0 ||| qw: Lair rune preference: random
     0 | D:1      | 0 ||| qw: Goals: Normal
     0 | D:1      | 0 ||| PLANNING D:1-11
    43 | D:1      | Reached skill level 3 in Dodging
   193 | D:1      | Reached XP level 2. HP: 6/14 MP: 3/3
   246 | D:1      | You fall into a shaft and drop 1 floor!
   285 | D:2      | 285 ||| READING scroll labelled XATSUXKUREI.
   289 | D:2      | 289 ||| DROPPING scroll of butterflies.
   290 | D:2      | 290 ||| Stepping randomly (stuck).
   294 | D:2      | 294 ||| FLEEEEING.
   295 | D:2      | 295 ||| FLEEEEING.
   297 | D:2      | 297 ||| FLEEEEING.
   495 | D:1      | Reached XP level 3. HP: 18/18 MP: 4/4
  1288 | D:2      | Reached XP level 4. HP: 22/22 MP: 5/5
  1517 | D:2      | 1517 ||| DROPPING ring of wizardry.
  1518 | D:2      | 1518 ||| READING scroll labelled KEYS MEQIC.
  1519 | D:2      | 1519 ||| READING scroll labelled OMPEX PISIU.
  1519 | D:2      | 1519 ||| IDENTIFYING grey potion
  1628 | D:3      | 1628 ||| FLEEEEING.
  1629 | D:3      | 1629 ||| FLEEEEING.
  1631 | D:3      | 1631 ||| STAIRDANCE
  1811 | D:3      | Found a sparkling altar of Nemelex Xobeh.
  1864 | D:3      | Noticed Sigmund
  1872 | D:3      | HP: 2/23 [Sigmund/+1 scythe of protection (11)]
  1878 | D:3      | Mangled by Sigmund

Levels and vault maps discovered:
D:1:      tekkud_arrival_beachfront_property, layout_basic
D:2:      layout_loops_ring, grunt_ministairs_11, minmay_pentomino_t2
D:3:      layout_loops_ring, nemelex_spade_bored_becter, kennysheep_nub,
          minmay_misc_feat_nine_boxes, uniq_sigmund

Skill      XL: |  1  2  3  4 |
---------------+-------------+-----
Dodging        | 4 5 |  5.0
Ranged Weapons | 5 |  5.1
Fighting       | |  1.9
Stealth        | |  1.5

Action                     |  1- 3 |  4- 6 || total
---------------------------+-------+-------++-------
   Fire: Shortbow          |    81 |    55 ||   136
    Use: Scroll            |     1 |     2 ||     3
 Armour: Robe              |    10 |     9 ||    19
  Dodge: Dodged            |    17 |    31 ||    48

Table legend:
 A = Non-vault XP
 B = Vault XP
 C = Vault XP percentage of total XP
 D = Non-vault monster count
 E = Vault monster count
 F = Vault count percentage of total count
                 A         B        C        D         E       F
            +---------+---------+-------+---------+---------+-------
      Total |     169 |      10 |   5.6 |      42 |       6 |  12.5
            +---------+---------+-------+---------+---------+-------
        D:1 |      35 |       0 |   0.0 |      13 |       0 |   0.0
        D:2 |      68 |      10 |  12.8 |      19 |       6 |  24.0
        D:3 |      66 |       0 |   0.0 |      10 |       0 |   0.0
            +---------+---------+-------+---------+---------+-------
